 Dungeon Crawl Stone Soup version 0.20-a0-1117-g62da73f (webtiles) character file.

245 FrancescoMac the Skirmisher (level 5, -1/42 HPs)
             Began as a Demonspawn Chaos Knight on May 9, 2017.
             Killed from afar by an orc wizard (3 damage)
             ... with a magic dart
             ... on level 3 of the Dungeon.
             The game lasted 00:06:43 (2035 turns).

FrancescoMac the Skirmisher (DsCK)                  Turns: 2035, Time: 00:06:43

Health: -1/42      AC:  4    Str:  8    XL:     5   Next: 83%
Magic:  5/5        EV: 12    Int: 14    God:    Xom [...*..]
Gold:   84         SH:  4    Dex: 13    Spells: 4/4 levels left

rFire    . . .     SeeInvis .   a - +0 falchion (chaos)
rCold    . . .     Gourm    .   (no shield)
rNeg     . . .     Faith    .   b - +3 leather armour
rPois    .         Spirit   .   (no helmet)
rElec    .         Reflect  .   (no cloak)
rCorr    .         Harm     .   (no gloves)
MR       .....                  (no boots)
Stlth    +++.......             (no amulet)
Regen    0.2/turn               e - ring of flight
MPRegen  0.1/turn               (no ring)

@: no status effects
A: talons 1, large bone plates 1, deformed body, nightstalker 1, powered by
death 1, weak 2
a: Renounce Religion, Evoke Flight


You were on level 3 of the Dungeon.
You worshipped Xom.
You were a favourite toy of Xom.
You were not hungry.

You visited 1 branch of the dungeon, and saw 3 of its levels.

You collected 84 gold pieces.

Inventory:

Hand Weapons
 a - a +0 falchion of chaos (weapon)
Armour
 b - a +3 leather armour (worn)
Jewellery
 e - a ring of flight (left hand)
 h - an uncursed ring of flight
Scrolls
 g - 3 scrolls of magic mapping
 i - a scroll of random uselessness {unknown}
 j - a scroll of teleportation {unknown}
 k - a scroll of enchant weapon {unknown}
 l - a scroll of identify
 m - a scroll of blinking {unknown}
Potions
 d - a potion of lignification
Comestibles
 c - 2 bread rations
 f - a meat ration


   Skills:
 + Level 3.8 Fighting
 + Level 3.6 Long Blades
 + Level 2.8 Armour
 + Level 2.5 Dodging
 * Level 2.2 Stealth


You had 4 spell levels left.
You didn't know any spells.

Dungeon Overview and Level Annotations

Branches:
Dungeon (3/15)

Altars:
Makhleb
Nemelex Xobeh


Innate Abilities, Weirdness & Mutations

You have sharp toenails.
You are partially covered in large bone plates. (SH +4)
You are slightly more attuned to the shadows.
You regenerate a little health from kills.
Armour fits poorly on your strangely shaped body.
You are very weak. (Str -4)


Message History

You miss something. Something hits you.
You closely miss something. You claw something.
You hear some strange, mumbled words.
A magic dart appears from out of thin air!
The magic dart hits you!
You barely miss something.
You hear some strange, mumbled words.
A puff of flame appears from out of thin air!
The puff of flame hits you!
* * * LOW HITPOINT WARNING * * *
You miss something. Something hits you but does no damage. Something hits you.
* * * LOW HITPOINT WARNING * * *
You miss something. Your kick misses something.
Something hits you but does no damage.
You barely miss something. Your kick misses something.
You hear some strange, mumbled words.
A magic dart appears from out of thin air!
The magic dart hits you!
You die... "What!?
That's it?"

* ### ...
#.# #.#
#.#
########?#
#o{@.....#
#.########
#........
#..######
(.o# oo.##
#o## #.


You could see an orc.

Vanquished Creatures
  An ogre (D:2)
  A hound (D:3)
  An orc priest (D:3)
  A gnoll (D:1)
  3 adders
  An ooze (D:1)
  4 dart slugs
  An orc (D:3)
  2 giant cockroaches
  6 goblins
  6 hobgoblins
  6 jackals
  A quokka (D:2)
  2 ball pythons (D:2)
  6 bats (D:1)
  2 frilled lizards
  5 kobolds
  5 rats
54 creatures vanquished.

Vanquished Creatures (others)
  An orc (D:3)
1 creature vanquished.

Grand Total: 55 creatures vanquished

Notes
Turn   | Place    | Note
-------+----------+-------------------------------------------
     0 | D:1      | FrancescoMac the Demonspawn Chaos Knight began the quest for the Orb.
     0 | D:1      | Reached XP level 1. HP: 18/18 MP: 1/1
    16 | D:1      | Reached skill level 1 in Dodging
   102 | D:1      | Gained mutation: You have sharp toenails. [demonic ancestry]
   102 | D:1      | Reached XP level 2. HP: 24/24 MP: 2/2
   457 | D:1      | XOM: potion effect (haste)
   480 | D:1      | Gained mutation: You are partially covered in large bone plates. (SH +4) [demonic ancestry]
   480 | D:1      | Reached XP level 3. HP: 28/29 MP: 3/3
   490 | D:1      | XOM: mild Hex miscast
   936 | D:1      | XOM: harmless Conj miscast
  1227 | D:2      | XOM: 1-stop teleportation journey
  1235 | D:2      | Gained mutation: You are slightly more attuned to the shadows. [demonic ancestry]
  1235 | D:2      | Reached XP level 4. HP: 27/35 MP: 4/4
  1338 | D:2      | Found a sparkling altar of Nemelex Xobeh.
  1413 | D:2      | Noticed an ogre
  1413 | D:2      | a worm changed into an ogre
  1413 | D:2      | XOM: polymorph worm -> ogre
  1416 | D:2      | XOM: noise
  1423 | D:2      | Killed an ogre
  1423 | D:2      | Reached skill level 1 in Stealth
  1423 | D:2      | Gained mutation: You regenerate a little health from kills. [demonic ancestry]
  1423 | D:2      | Reached XP level 5. HP: 33/41 MP: 5/5
  1512 | D:2      | XOM: give mutations
  1512 | D:2      | Gained mutation: You are weak. (Str -2) [Xom's mischief]
  1512 | D:2      | Gained mutation: You are very weak. (Str -4) [Xom's mischief]
  1512 | D:2      | Gained mutation: Armour fits poorly on your strangely shaped body. [Xom's mischief]
  1724 | D:3      | XOM: divination: magic mapping
  1899 | D:3      | Found a burning altar of Makhleb.
  1993 | D:3      | XOM: 2-stop teleportation journey
  2007 | D:3      | XOM: confuse monster(s)
  2033 | D:3      | HP: 2/42 [something (5)]
  2035 | D:3      | Killed from afar by an orc wizard

Vault maps used:
D:1:      lightli_arrival_statue_moat
D:2:      nemelex_xobeh_ov_fountains_minmay
D:3:      makhleb_heckhound_becter

Skill      XL: |  1  2  3  4  5 |
---------------+----------------+-----
Dodging        | 1 2 |  2.5
Armour         | 2 |  2.8
Long Blades    | 3 |  3.6
Stealth        | 1 2 |  2.2
Fighting       | |  3.8

Action                   |  1- 3 |  4- 6 || total
-------------------------+-------+-------++-------
Melee: Falchion          |    96 |    81 ||   177
       Kick              |    18 |    20 ||    38
  Use: Scroll            |     3 |       ||     3
 Stab: Petrifying        |     1 |       ||     1
       Sleeping          |       |     3 ||     3
       Confused          |       |     1 ||     1
  Eat: Chunk             |     1 |     1 ||     2
       Meat ration       |       |     1 ||     1
Armor: Leather armour    |    42 |    12 ||    54
Dodge: Dodged            |    53 |    31 ||    84
Block: Other             |     8 |    12 ||    20
       Rpst.: Falchion   |    17 |     9 ||    26
